AoeStats
← K

Runestones

508406542Analyzed
1v1 RM · 11d ago on Sep 22, 2026· 57m 58s· 2 players
Game mode
Random Map
Map size
Tiny (2 player)
Population
200
Speed
Normal
Resources
Standard
Victory
Conquest
Starting age
Dark Age
Ending age
Imperial Age
RankedLock teamsTeams togetherTeam positionsShared explorationLock speedFull tech treeHidden civsTurbo modeCheats
Victory
Defeat
🇨🇿 Bohemians · Czechia
1027
+17
🇬🇧 Persians · United Kingdom
1048
-49
jiri.bubnik
0:27 Loom
13:05 Feudal Age
18:17 Castle Age
17:08 Double-Bit Axe
17:23 Town Watch
17:34 Fletching
18:00 Horse Collar
20:03 Wheelbarrow
26:30 Wagenburg Tactics
39:38 Imperial Age
38:48 Hand Cart
39:49 Elite Hussite Wagon
43:23 Bodkin Arrow
50:52 Bow Saw
57:43 Bracer
K
10:32 Feudal Age
15:44 Castle Age
14:17 Double-Bit Axe
15:58 Gold Mining
16:40 Forging
19:40 Loom
20:31 Wheelbarrow
21:10 Crossbowman
22:45 Bow Saw
23:14 Gold Shaft Mining
22:41 Pikeman
23:25 Scale Mail Armor
23:45 Gambesons
26:17 Hand Cart
26:18 Scale Barding Armor
30:32 Fletching
30:42 Stone Mining
37:54 Imperial Age
38:23 Bow Saw
38:51 Horse Collar
44:57 Husbandry
45:08 Bloodlines
50:07 Iron Casting
52:18 Bodkin Arrow
53:28 Light Cavalry
Connection lost

Rejoining the realm…

Still unreachable

The connection could not be restored.

Session expired

The server has moved on; the page needs a fresh start.